 Dungeon Sprint DCSS version 0.30-a0-2-gf48d83f5e2 (webtiles) character file.

Game seed: 5884810582928935389

84 Zeldest the Insei (level 4, -4/36 HPs)
             Began as a Vine Stalker Transmuter on Aug 20, 2022.
             Was an Initiate of Cheibriados.
             Slain by a purple ugly thing (7 damage)
             ... in the Dungeon (Sprint IX: "|||||||||||||||||||||||||||||").
             The game lasted 00:02:36 (134 turns).

Zeldest the Insei (Vine Stalker Transmuter)          Turns: 134, Time: 00:02:37

Health: -4/36      AC: 24    Str: 15    XL:     4   Next: 45%
Magic:  0/8        EV:  2    Int: 17    God:    Cheibriados [......]
Gold:   0          SH:  0    Dex: 16    Spells: 7/8 levels left

rFire   . . .      SeeInvis .      - Unarmed
rCold   . . .      Faith    .    (no shield)
rNeg    . . .      Spirit   +    (body armour currently unavailable)
rPois   +          Reflect  .    (helmet currently unavailable)
rElec   .          Harm     .    (cloak currently unavailable)
rCorr   .          Rampage  .    (gloves currently unavailable)
Will    .....      NoTele   +    (boots currently unavailable)
Stlth   +.........               (no amulet)
HPRegen 0.92/turn                l - +2 ring of protection
MPRegen 0.11/turn                m - +3 ring of intelligence

@: tree-form, invisible, very slow
A: stationary, stasis, torment immunity, boosted hp, (fangs 2), regeneration 1,
magic shield, (antimagic bite), no potion heal 2
a: Renounce Religion


You were in the Dungeon.
You worshipped Cheibriados.
Cheibriados was noncommittal.
You were a tree.
You visited 1 branch

Inventory:

Armour
 a - a +0 robe
 i - a +0 pair of boots (melded)
 j - a +0 pair of gloves (melded)
 k - a +0 plate armour (melded)
Jewellery
 l - a +2 ring of protection (left branch)
 m - a +3 ring of intelligence (right branch)
Wands
 h - a wand of iceblast (10)
Scrolls
 f - 2 scrolls of amnesia
 g - a scroll of blinking
Potions
 c - 5 potions of curing
 e - 3 potions of magic


   Skills:
 + Level 3.2 Fighting
 + Level 0.6 Armour
 + Level 3.3 Dodging
 * Level 5.9 Unarmed Combat
 + Level 2.5 Spellcasting
 + Level 4.0 Transmutations
 + Level 0.9 Invocations


You had 7 spell levels left.
You knew the following spells:

 Your Spells              Type           Power      Damage    Failure   Level
a - Beastly Appendage     Tmut           30%        N/A       3%          1

Your spell library contained the following spells:

 Spells                   Type           Power      Damage    Failure   Level
 Wereblood                Tmut           15%        N/A       5%          2
 Spider Form              Tmut/Pois      8%         N/A       24%         3
 Ice Form                 Ice/Tmut       8%         N/A       63%         4


Dungeon Overview and Level Annotations

Branches:
Dungeon (1/1)

Altars:
Cheibriados
Dithmenos
Elyvilon
Fedhas
Gozag
Hepliaklqana
Kikubaaqudgha
Makhleb
Nemelex Xobeh
Okawaru
Qazlal
Ru
Sif Muna
Trog
Uskayaw
Vehumet
Wu Jian
Xom
Yredelemnul
Zin
The Shining One
Jiyva
Lugonu


Innate Abilities, Weirdness & Mutations

You are a tree.
Your roots penetrate the ground, keeping you stationary.
You cannot be teleported.
You are immune to unholy pain and torment.
Your maximum health is greatly increased.
Your equipment is partially melded.
((You have extremely sharp teeth.))
Your natural rate of healing is unusually fast.
When hurt, damage is shared between your health and your magic reserves.
((Your bite disrupts and absorbs the magic of your enemies.))
Potions cannot restore your health.


Message History

You hit the wight. Your bite misses the wight.
The wight is heavily damaged.
You feel less confused. The wight hits you with a +0 war axe!
Okay, then.
Blink to where?
Press: ? - help, Dir - move target
As you read the scroll of blinking, it crumbles to dust.
The howler monkey hoots and howls with incredible vigour!
You open the door.
A gargoyle, a purple ugly thing, a four-headed hydra, a troll, a boulder beetle and a slime creature come into view.
The purple ugly thing gurgles horribly!
The four-headed hydra roars!
The troll shouts!
The slime creature quivers.
The orc warrior barely misses you.
Really quaff the potion of lignification?
You turn into a tree.
Your +0 pair of gloves melds into your body.
Your +0 pair of boots melds into your body.
Your +0 plate armour melds into your body.
Your roots penetrate the ground.
The purple ugly thing claws you but does no damage.
The orc warrior hits you but does no damage.
The boulder beetle curls into a ball and begins rolling!
You fade into invisibility!
The purple ugly thing claws you!
The orc warrior hits you with a +0 morningstar!
Magic courses through your body. The purple ugly thing claws you.
* * * LOW HITPOINT WARNING * * *
The boulder beetle stops rolling and uncurls.
The orc warrior hits you but does no damage.
You smack the purple ugly thing!
The purple ugly thing is moderately wounded.
The purple ugly thing claws you!
* * * LOW HITPOINT WARNING * * *
You smack the purple ugly thing!
You punch the purple ugly thing.
The purple ugly thing is heavily wounded.
The orc warrior hits you but does no damage.
The purple ugly thing claws you!
You die...

▓.▓
▓.▓
▓)▓
▓z▓
▓o▓
▓h▓
▓g▓
▓o▓
▓♣▓
▓u▓
▓D▓
▓9▓
▓T▓
▓B▓
▓J▓
▓.▓


You could see a boulder beetle (unable to see you), a four-headed hydra (unable
to see you), a purple ugly thing (unable to see you), a slime creature (unable
to see you), a troll (unable to see you), 2 orc warriors, a gargoyle (unable to
see you), a gnoll bouda (unable to see you), a howler monkey (unable to see you)
and a wight (unable to see you).

Vanquished Creatures
  A hound (D)
  An orc wizard (D)
  2 adders (D)
  2 orcs (D)
  An endoplasm (D)
  A jackal (D)
  A kobold (D)
  A quokka (D)
  A frilled lizard (D)
11 creatures vanquished.

Notes
Turn   | Place    | Note
-------+----------+-------------------------------------------
     0 | D        | Zeldest the Vine Stalker Transmuter began the quest for the
                  | Orb.
     0 | D        | Reached XP level 1. HP: 9/9 MP: 4/4
     8 | D        | Reached skill level 1 in Fighting
    34 | D        | Noticed a hound
    38 | D        | Reached XP level 2. HP: 11/15 MP: 1/6
    41 | D        | Reached skill level 4 in Unarmed Combat
    43 | D        | Reached XP level 3. HP: 9/19 MP: 1/7
    46 | D        | Reached skill level 5 in Unarmed Combat
    46 | D        | Gained mutation: Your natural rate of healing is unusually
                  | fast. [Vine Stalker growth]
    46 | D        | Reached XP level 4. HP: 9/24 MP: 8/8
    52 | D        | Found a snail-covered altar of Cheibriados.
    52 | D        | Found a shadowy altar of Dithmenos.
    52 | D        | Found a white marble altar of Elyvilon.
    52 | D        | Found a blossoming altar of Fedhas.
    52 | D        | Found an opulent altar of Gozag.
    53 | D        | Found a hazy altar of Hepliaklqana.
    54 | D        | Found a viscous altar of Jiyva.
    55 | D        | Found an ancient bone altar of Kikubaaqudgha.
    56 | D        | Became a worshipper of Cheibriados the Contemplative
    57 | D        | Found a corrupted altar of Lugonu.
    58 | D        | Found a burning altar of Makhleb.
    59 | D        | Found a sparkling altar of Nemelex Xobeh.
    60 | D        | Found an iron altar of Okawaru.
    61 | D        | Found a stormy altar of Qazlal.
    62 | D        | Found a sacrificial altar of Ru.
    63 | D        | Found a shimmering blue altar of Sif Muna.
    64 | D        | Found a bloodstained altar of Trog.
    65 | D        | Found a hide-covered altar of Uskayaw.
    66 | D        | Found a radiant altar of Vehumet.
    67 | D        | Found an ornate altar of the Wu Jian Council.
    68 | D        | Found a shimmering altar of Xom.
    69 | D        | Found a basalt altar of Yredelemnul.
    70 | D        | Found a glowing silver altar of Zin.
    71 | D        | Found a glowing golden altar of the Shining One.
   115 | D        | Noticed an orc warrior
   115 | D        | Noticed an orc warrior
   129 | D        | Noticed a gargoyle
   129 | D        | Noticed a purple ugly thing
   129 | D        | Noticed a four-headed hydra
   129 | D        | Noticed a troll
   129 | D        | Noticed a boulder beetle
   129 | D        | Noticed a slime creature
   134 | D        | Slain by a purple ugly thing

Illustrated notes

Levels and vault maps discovered:
D:        linesprint [early_d, line_temple, items_1, d_10, items_2, lair_1,
          lair_end, items_3, orc_1, orc_end, items_4, d_15, swamp_1, shoals_1,
          snake_1, spider_1, d_20, vaults_1, items_5, swamp_end, shoals_end,
          snake_end, spider_end, vaults_end, d_27, items_6, zot_1, zot_end,
          crypt_end, forest_end, elf_end, slime_end, tomb_end, abyss_end,
          pan_hell_end]

Skill      XL: |  1  2  3  4 |
---------------+-------------+-----
Fighting       | 1 2 3 |  3.2
Dodging        | 2 3 |  3.3
Unarmed Combat | 4 5 |  5.9
Transmutations | 3 4 |  4.0
Armour         | |  0.6
Spellcasting   | |  2.5
Invocations    | |  0.9

Action                   |  1- 3 |  4- 6 || total
-------------------------+-------+-------++-------
Melee: Unarmed           |    31 |    11 ||    42
       Bite              |     5 |     2 ||     7
       Headbutt          |     4 |       ||     4
       Kick              |     1 |       ||     1
       Punch             |       |     1 ||     1
 Cast: Beastly Appendage |     2 |       ||     2
  Use: Potion            |     2 |     3 ||     5
       Scroll            |       |     1 ||     1
Armor: Robe              |     2 |       ||     2
       Plate armour      |       |     5 ||     5
       Skin              |       |     4 ||     4
Dodge: Dodged            |    17 |     2 ||    19

Table legend: (Time is in decaauts)
 A = Elapsed time spent in this place.
 B = Non-inter-level travel time spent in this place.
 C = Inter-level travel time spent in this place.
 D = Time resting spent in this place.
 E = Time spent auto-exploring this place.
 F = Levels seen in this place.
 G = Mean time per level.
                   A        B        C        D        E       F      G
               +--------+--------+--------+--------+--------+-----+--------+
         Total |    130 |    130 |      0 |      0 |      0 |   1 |  130.0 |
       Dungeon |    130 |    130 |      0 |      0 |      0 |   1 |  130.0 |
               +--------+--------+--------+--------+--------+-----+--------+

Top non-repeatable levels by time:
       D: 130 daAuts
